 Dungeon Crawl Stone Soup version 0.30-b1-2-g02819fbbbe (webtiles) character file.

Game seed: 12145800524430250186

8 Alarkh the Shooter (level 2, 22/22 HPs)
             Began as a Demonspawn Hunter on May 23, 2023.
             Got out of the dungeon alive.
             The game lasted 00:00:07 (118 turns).

Alarkh the Shooter (Demonspawn Hunter)               Turns: 118, Time: 00:00:08

Health: 22/22      AC:  3    Str: 11    XL:     2   Next: 0%
Magic:  2/2        EV: 11    Int: 10    God:
Gold:   28         SH:  0    Dex: 16    Spells: 1/1 levels left

rFire   . . .        a - +0 shortbow
rCold   . . .        (shield currently unavailable)
rNeg    . . .        c - +0 leather armour
rPois   .            (helmet restricted)
rElec   .            (no cloak)
rCorr   .            (no gloves)
SInv    .            (no boots)
Will    .....        (no amulet)
Stlth   +            (no ring)
HPRegen 0.23/turn    (no ring)
MPRegen 0.08/turn

%: no passive effects
@: no status effects
A: antennae 1
a: no special abilities


You escaped.
You visited 1 branch of the dungeon, and saw 1 of its levels.

You collected 28 gold pieces.

Inventory:

Hand Weapons
 a - a +0 shortbow (weapon)
Armour
 c - a +0 leather armour (worn)
Scrolls
 b - a scroll of immolation
 e - a scroll of blinking {unknown}
Potions
 d - a potion of brilliance {unknown}


   Skills:
 - Level 2.0 Fighting
 + Level 4.0 Ranged Weapons
 - Level 1.7 Dodging
 - Level 0.8 Stealth


You had one spell level left.
You didn't know any spells.
Your spell library was empty.

Dungeon Overview and Level Annotations

Branches:
Dungeon (1/15)

Altars:


Innate Abilities, Weirdness & Mutations

You have a pair of small antennae on your head.


Message History

You shoot an arrow. The arrow hits the kobold.
You kill the kobold!
You shoot an arrow. The arrow hits the hobgoblin.
You kill the hobgoblin!
You shoot an arrow. The arrow hits the ball python!
You kill the ball python!
A frilled lizard comes into view.
You shoot an arrow.
The arrow closely misses the frilled lizard.
The frilled lizard hisses angrily.
You shoot an arrow. The arrow hits the frilled lizard.
You kill the frilled lizard!
No target in view!
No target in view!
No target in view!
There is an open door here.
Items here: ( ) ††.
You see here a hobgoblin corpse.
You now have 15 gold pieces.
e - a scroll labelled LOUFIR OMEMURI You now have 28 gold pieces (gained 13).
You open the door.
There is an open door here.
A dart slug comes into view.
A dart slug is nearby!
You shoot an arrow. The arrow hits the dart slug.
The dart slug is moderately wounded.
You shoot an arrow. The arrow hits the dart slug.
The dart slug is heavily wounded.
You shoot an arrow. The arrow barely misses the dart slug.
You shoot an arrow. The arrow hits the dart slug!
You kill the dart slug!
Your Ranged Weapons skill increases to level 4!
You have reached level 2!
Your demonic ancestry asserts itself...
A pair of antennae grows on your head!
Found a lumpy green potion.
There is a staircase leading out of the dungeon here.
Are you sure you want to leave the Dungeon?
This will make you lose the game!
You have escaped!

#### #..##
##...#######
#####..........#
#........#####.#
#.@..##....###.#
#....##..####..# #
#..>##...>##..## ##
#..###...###..# #.
#... ....##...####.
...##...###..##....
#...#....##...##.###
##..# ##........#
#.......#.+


There were no monsters in sight!

Vanquished Creatures
  A dart slug (D:1)
  A hobgoblin (D:1)
  A kobold (D:1)
  2 ball pythons (D:1)
  A frilled lizard (D:1)
6 creatures vanquished.

Notes
Turn   | Place    | Note
-------+----------+-------------------------------------------
     0 | D:1      | Alarkh the Demonspawn Hunter began the quest for the Orb.
     0 | D:1      | Reached XP level 1. HP: 16/16 MP: 1/1
    87 | D:1      | Reached skill level 4 in Ranged Weapons
    87 | D:1      | Gained mutation: You have a pair of small antennae on your
                  | head. [demonic ancestry]
    87 | D:1      | Reached XP level 2. HP: 22/22 MP: 2/2
   118 | D:$      | Got out of the dungeon alive.

Illustrated notes

Levels and vault maps discovered:
D:1:      dpeg_arrival_long_road, layout_rooms, serial_glass, glass_columns_a,
          glass_columns_b, glass_columns_a, glass_columns_a, dk_noncrumbling_3,
          dk_noncrumbling_2

Skill      XL: |  1 |
---------------+----+-----
Ranged Weapons | 4 |  4.0
Fighting       | |  2.0
Dodging        | |  1.7
Stealth        | |  0.8

Action                     || total
---------------------------++-------
   Fire: Shortbow          ||    11
